 Dungeon Crawl Stone Soup version 0.30-a0-297-g0ec75d9ef4 (webtiles) character file.

Game seed: 15631554455675686472

324 Harunobu the Stinger (level 6, 0/36 HPs)
             Began as an Octopode Venom Mage on Oct 18, 2022.
             Was an Initiate of Ashenzari.
             Slain by a hound (5 damage)
             ... on level 5 of the Dungeon.
             The game lasted 00:13:43 (4792 turns).

Harunobu the Stinger (Octopode Venom Mage)          Turns: 4792, Time: 00:13:44

Health: 0/36       AC:  1    Str:  6 (9)  XL:     6   Next: 48%
Magic:  14/19      EV: 13    Int: 16 (18) God:    Ashenzari [......]
Gold:   239        SH:  0    Dex: 11 (12) Spells: 1/11 levels left

rFire   . . .      SeeInvis .    g - +1 whip (elec)
rCold   . . .      Faith    .    (no shield)
rNeg    . . .      Spirit   .    (helmet restricted)
rPois   .          Reflect  .    (no amulet)
rElec   .          Harm     .    j - ring of magical power
rCorr   .          Rampage  .    (no ring)
Will    .....                    (no ring)
Stlth   ++++......               (no ring)
HPRegen 0.26/turn                (no ring)
MPRegen 0.16/turn                (no ring)
                                 (no ring)
                                 (no ring)

@: no status effects
A: almost no armour, amphibious, 8 rings, camouflage 1, gelatinous body 1,
(nimble swimmer 1), tentacles
a: Renounce Religion


You were on level 5 of the Dungeon.
You worshipped Ashenzari.
Ashenzari was noncommittal.
You visited 2 branches of the dungeon, and saw 6 of its levels.

You collected 239 gold pieces.

Inventory:

Hand Weapons
 g - a +1 whip of electrocution (weapon)
Jewellery
 j - a ring of magical power (left tentacle)
Wands
 x - a wand of polymorph (5)
Scrolls
 b - 5 scrolls of identify
 c - 2 scrolls of teleportation {unknown}
 d - 2 scrolls of noise {unknown}
 e - a scroll of blinking {unknown}
 k - 2 scrolls of magic mapping {unknown}
 m - a scroll of fog {unknown}
 n - a scroll of poison {unknown}
 s - a scroll of amnesia {unknown}
 t - a scroll of vulnerability {unknown}
 u - a scroll of acquirement {unknown}
 v - a scroll of silence {unknown}
 w - a scroll of enchant weapon {unknown}
Potions
 a - 2 potions of magic
 h - 3 potions of flight
 i - a potion of invisibility {unknown}
 l - a potion of berserk rage {unknown}
 o - 2 potions of curing {unknown}
 p - 2 potions of attraction {unknown}
 q - 2 potions of degeneration
 r - a potion of might {unknown}


   Skills:
 + Level 3.4 Dodging
 + Level 4.8 Stealth
 + Level 3.2 Spellcasting
 + Level 2.8 Transmutations
 + Level 5.0 Poison Magic


You had one spell level left.
You knew the following spells:

 Your Spells              Type           Power      Damage    Failure   Level
a - Sting                 Tmut/Pois      60%        1d6       3%          1
b - Poisonous Vapours     Pois/Air       20%        N/A       10%         2
c - Olgreb's Toxic Radia  Pois           18%        N/A       24%         4
d - Mephitic Cloud        Conj/Pois/Air  7%         N/A       28%         3

Your spell library contained the following spells:

 Spells                   Type           Power      Damage    Failure   Level
 Call Canine Familiar     Summ           2%         N/A       50%         3
 Dazzling Flash           Conj/Hex       4%         N/A       50%         3
 Portal Projectile        Hex/Tloc       4%         N/A       50%         3
 Anguish                  Hex/Necr       1%         N/A       88%         4
 Iskenderun's Mystic Bla  Conj/Tloc      2%         2d3       88%         4
 Leda's Liquefaction      Hex/Erth       1%         N/A       88%         4
 Starburst                Conj/Fire      1%         6d3       100%        6
 Borgnjor's Revivificati  Necr           1%         N/A       100%        8
 Necromutation            Tmut/Necr      3%         N/A       100%        8


Dungeon Overview and Level Annotations

Branches:
Dungeon (5/15)             Temple (1/1) D:5

Altars:
Ashenzari
Cheibriados
Dithmenos
Elyvilon
Fedhas
Gozag
Hepliaklqana
Kikubaaqudgha
Makhleb
Okawaru
Sif Muna
Uskayaw
Vehumet
Xom
Yredelemnul
The Shining One

Shops:
D:1 :


Innate Abilities, Weirdness & Mutations

You cannot wear most types of armour.
You are amphibious.
You can wear up to eight rings at the same time.
Your skin changes colour to match your surroundings (Stealth+).
Your rubbery body absorbs attacks. (AC +1, EV +1)
((You are camouflaged when in or above water. (Stealth+)))
You have tentacles for arms and can constrict up to eight enemies at once.


Message History

There is an open door here.
You feel sick.
Casting: Poisonous Vapours (safe; 11% risk of failure)
Confirm with . or Enter, or press ? or * to list all spells.
Aiming: Poisonous Vapours (safe; 11% risk of failure)
Press: ? - help, Dir - move target, f/p - scorpion
Aim: a scorpion (heavily wounded) Poisonous vapours surround the scorpion!
The scorpion is poisoned.
You feel sick. The hound bites you. x2
Casting: Poisonous Vapours (safe; 11% risk of failure)
Confirm with . or Enter, or press ? or * to list all spells.
Aiming: Poisonous Vapours (safe; 11% risk of failure)
Press: ? - help, Dir - move target, f/p - scorpion
Aim: a scorpion (severely wounded, poisoned) Poisonous vapours surround the scorpion!
The scorpion looks even sicker.
You feel sick.
You are no longer poisoned.
The hound bites you.
* * * LOW HITPOINT WARNING * * *
You kill the scorpion!
The hound bites you.
* * * LOW HITPOINT WARNING * * *
Your Poison Magic skill increases to level 5!
You feel much better. The hound misses you. The hound attacks as you move away!
The hound bites you. The hound barely misses you.
The hound attacks as you move away! The hound closely misses you.
The ogre attacks as you move away! The ogre closely misses you.
The hound attacks as you move away! The hound bites you.
The hound barely misses you. The hound closely misses you.
You open the door. The hound misses you. The hound barely misses you.
The ogre hits you with a +0 giant club!!
Ouch! That really hurt!
* * * LOW HITPOINT WARNING * * *
There is an open door here.
The hound barely misses you. The hound misses you. The hound bites you.
You die...

#####.#...####.........#
#.##.## ##.......##
#.#### ##.....## ...
##...## ..# ##'## #..#
#.# #... #.#
#.######O###
#.....@h...#
######.....# ##........
##.###### ###


You could see an ogre and a hound.

Vanquished Creatures
  2 scorpions (D:5)
  A hound (D:5)
  An iguana (D:4)
  Jessica (D:3)
  Terence (D:3)
  2 adders
  3 worms
  A dart slug (D:1)
  3 orcs
  9 endoplasms
  2 giant cockroaches
  9 hobgoblins
  4 jackals
  3 quokkas
  11 ball pythons
  4 frilled lizards
  A goblin (D:1)
  12 kobolds
  8 rats
78 creatures vanquished.

Vanquished Creatures (others)
  43 plants (D:2)
43 creatures vanquished.

Grand Total: 121 creatures vanquished

Notes
Turn   | Place    | Note
-------+----------+-------------------------------------------
     0 | D:1      | Harunobu the Octopode Venom Mage began the quest for the
                  | Orb.
     0 | D:1      | Reached XP level 1. HP: 11/11 MP: 3/3
   150 | D:1      | You fall into a shaft and drop 1 floor!
   234 | D:2      | Reached XP level 2. HP: 17/17 MP: 0/5
   397 | D:1      | Got Leriajox's Reference Book on Evil
   663 | D:1      | Found Oprismapn's Book Emporium.
   858 | D:1      | Reached XP level 3. HP: 21/21 MP: 3/6
  1072 | D:1      | Reached skill level 4 in Poison Magic
  2402 | D:3      | Noticed Terence
  2425 | D:3      | Killed Terence
  2426 | D:3      | Reached XP level 4. HP: 14/27 MP: 0/7
  2508 | D:3      | Noticed Jessica
  2515 | D:3      | Killed Jessica
  2885 | D:3      | Reached XP level 5. HP: 31/31 MP: 9/9
  2952 | D:3      | Found an iron altar of Okawaru.
  4185 | D:4      | Noticed an ogre
  4207 | D:5      | Entered Level 5 of the Dungeon
  4313 | D:5      | Found a staircase to the Ecumenical Temple.
  4356 | Temple   | Entered the Ecumenical Temple
  4586 | Temple   | Became a worshipper of Ashenzari the Shackled
  4605 | D:5      | Learned a level 2 spell: Poisonous Vapours
  4610 | D:5      | Learned a level 4 spell: Olgreb's Toxic Radiance
  4614 | D:5      | Learned a level 3 spell: Mephitic Cloud
  4705 | D:5      | Reached XP level 6. HP: 36/36 MP: 10/10
  4780 | D:5      | HP: 1/36 [hound (5)]
  4781 | D:5      | Reached skill level 5 in Poison Magic
  4792 | D:5      | Slain by a hound

Illustrated notes

Levels and vault maps discovered:
D:1:      minmay_arrival_split_and_join, layout_basic, serial_shops, shop
D:2:      layout_loops_cross, serial_bayou_lagoon_a, minmay_pentomino_u4
D:3:      layout_basic, old_standard_altar, uniq_jessica, uniq_terence
D:4:      layout_basic
D:5:      layout_loops_corners, minmay_temple_entry_antechambers
Temple:   bh_familiar_temple

Skill      XL: |  1  2  3  4  5  6 |
---------------+-------------------+-----
Stealth        | 3 4 |  4.8
Poison Magic   | 4 5 |  5.0
Transmutations | 2 |  2.8
Dodging        | 3 |  3.4
Spellcasting   | 3 |  3.2

Action                   |  1- 3 |  4- 6 || total
-------------------------+-------+-------++-------
Melee: Unarmed           |     2 |       ||     2
       Constrict         |     5 |       ||     5
       Whip              |     6 |       ||     6
       Tentacles         |     3 |       ||     3
 Cast: Sting             |    73 |    69 ||   142
       Poisonous Vapours |       |     6 ||     6
  Use: Potion            |       |     3 ||     3
       Scroll            |       |     1 ||     1
Armor: Skin              |     3 |     7 ||    10
Dodge: Dodged            |    37 |    59 ||    96

Table legend: (Time is in decaauts)
 A = Elapsed time spent in this place.
 B = Non-inter-level travel time spent in this place.
 C = Inter-level travel time spent in this place.
 D = Time resting spent in this place.
 E = Time spent auto-exploring this place.
 F = Levels seen in this place.
 G = Mean time per level.
                   A        B        C        D        E       F      G
               +--------+--------+--------+--------+--------+-----+--------+
         Total |   4790 |   4732 |     58 |   1184 |   2576 |   6 |  798.3 |
       Dungeon |   4552 |   4500 |     52 |   1148 |   2424 |   5 |  910.4 |
        Temple |    237 |    231 |      6 |     36 |    152 |   1 |  237.0 |
               +--------+--------+--------+--------+--------+-----+--------+

Top non-repeatable levels by time:
     D:1: 1442 daAuts
     D:3: 959 daAuts
     D:2: 942 daAuts
     D:4: 861 daAuts
     D:5: 347 daAuts
  Temple: 237 daAuts
